 Dungeon Sprint DCSS version 0.17.2-1-ge4368a0 (webtiles) character file.

24 mopl the Sneak (level 2, 0/21 HPs)
             Began as a Spriggan Assassin on Aug 22, 2016.
             Drowned by a water elemental (3 damage)
             ... in the Dungeon (Sprint III: "The Ten Rune Challenge").
             The game lasted 00:01:07 (287 turns).

mopl the Sneak (Spriggan Assassin)                   Turns: 287, Time: 00:01:07

Health: 0/21       AC:  3    Str: 12      XL:     2   Next: 79%
Magic:  3/3        EV: 16    Int: 11 (12) God:
Gold:   20         SH:  0    Dex: 16 (17) Spells: 0 memorised, 1 level left

rFire  . . .     SeeInvis +     a - +2 dagger
rCold  . . .     Clarity  .     c - +0 robe
rNeg   . . .     SustAt   .     (shield restricted)
rPois  .         Gourm    .     (helmet restricted)
rElec  .         Spirit   .     d - +0 cloak
rCorr  .         Warding  .     (gloves unavailable)
rMut   .         NoTele   +     (boots unavailable)
MR     .....                    (no amulet)
Stlth  ..........               (no ring)
                                (no ring)

@: berserking, engulfed (cannot breathe), very quick, not resistant to hostile
enchantments, extremely unstealthy
A: unfitting armour, see invisible, deterioration 2, herbivore 3, speed 3,
mutation resistance 1, slow metabolism 2
a: no special abilities


You were in the Dungeon.
You were not hungry.

You visited 1 branch You collected 20 gold pieces.

Inventory:

Hand Weapons
 a - a +2 dagger (weapon)
 b - a +0 blowgun
Missiles
 e - 8 poisoned needles
 f - 2 curare-tipped needles
Armour
 c - a +0 robe (worn)
 d - a +0 cloak (worn)
Scrolls
 m - a scroll of blinking
 p - 2 scrolls of torment {unknown}
 q - 5 scrolls of remove curse
 r - a scroll of identify {unknown}
Potions
 h - 2 potions of curing
 i - a potion of heal wounds
 j - a potion of haste
 k - 2 potions of magic
 n - 2 potions of lignification {!q}
 t - 2 potions of flight
Comestibles
 g - a bread ration
 s - 3 fruits


   Skills:
 - Level 1.5 Fighting
 - Level 2.1 Short Blades
 * Level 5.0 Throwing
 - Level 1.5 Dodging
 + Level 7.7 Stealth


You had one spell level left.
You didn't know any spells.

Dungeon Overview and Level Annotations

Branches:
Dungeon (1/1)

Altars:


Innate Abilities, Weirdness & Mutations

You are tiny and cannot use many weapons and most armour.
You have supernaturally acute eyesight.
You are a herbivore.
You cover ground extremely quickly.
You need consume almost no food.
Your body often deteriorates upon taking damage.
You are somewhat resistant to further mutation.


Message History

The water elemental hits you!
The water elemental engulfs you in water!
You hit the water elemental.
The water elemental is lightly damaged.
Your body deteriorates!
You feel clumsy.
Your lungs strain for air!
You are too injured to fight recklessly!
You are too injured to fight recklessly!
You closely miss the water elemental.
The water elemental is lightly damaged.
* * * LOW HITPOINT WARNING * * *
Your body deteriorates!
You feel dopey.
Your lungs strain for air!
The water elemental completely misses you.
You hit the water elemental.
The water elemental is lightly damaged.
* * * LOW HITPOINT WARNING * * *
Your lungs strain for air!
The water elemental completely misses you.
You puncture the water elemental!
The water elemental is heavily damaged.
You die...

▓▓▓▓▓▓▓▓▓▓ ▓▓▓
<.#%.'...♣♣♣♣ ♣.#
..#..#......♣ ♣♣.#
#'####....♣♣♣ ..#
.....#....≈.♣♣♣♣.###+#+##
.....#...≈≈.♣....#.......
....(#..≈≈≈≈.♣.♣@E.⌠.....
####'#..≈≈≈≈≈≈...#...####
..†..#.≈≈≈≈≈≈....#.⌠.#
.....#.≈≈≈≈≈.....#...#
.....#.≈≈≈.......#+###
'#####...........#
........†........#
▓▓▓▓▓▓▓▓▓▓▓▓▓▓▓▓▓▓


You could see a water elemental.

Vanquished Creatures
  A human (D)
  A phantom (D)
  4 rats (D)
6 creatures vanquished.

Vanquished Creatures (others)
  2 draconian scorchers (D)
  A yaktaur (D)
  A plant (D)
4 creatures vanquished.

Grand Total: 10 creatures vanquished

Notes
Turn   | Place    | Note
--------------------------------------------------------------
     0 | D        | mopl the Spriggan Assassin began the quest for the Orb.
     0 | D        | Reached XP level 1. HP: 10/10 MP: 2/2
     4 | D        | Reached skill level 6 in Stealth
    15 | D        | Reached skill level 3 in Throwing
    75 | D        | Reached skill level 4 in Throwing
    75 | D        | Reached skill level 7 in Stealth
    75 | D        | Reached XP level 2. HP: 7/14 MP: 3/3
   111 | D        | Killed a yaktaur
   185 | D        | Reached skill level 5 in Throwing
   197 | D        | Gained mutation: Your body sometimes deteriorates upon taking damage. [potion of mutation]
   197 | D        | Gained mutation: Your body often deteriorates upon taking damage. [potion of mutation]
   197 | D        | Gained mutation: You are somewhat resistant to further mutation. [potion of mutation]
   250 | D        | Killed a white draconian scorcher
   276 | D        | Killed a white draconian scorcher
   278 | D        | Noticed a water elemental
   287 | D        | Drowned by a water elemental

Action                   || total
-------------------------++-------
Melee: Dagger            ||    12
 Fire: Blowgun           ||     8
  Use: Potion            ||     4
 Stab: Sleeping          ||     3
